 Dungeon Crawl Stone Soup version 0.29-a0-824-gd827844252 (webtiles) character file.

Game seed: 6945403633381190206

360 skwerlee the Chopper (level 6, -2/48 HPs)
             Began as a Demonspawn Berserker on July 10, 2022.
             Was a Follower of Trog.
             Slain by a gnoll bouda
             ... wielding a +0 club
              (6 damage)
             ... on level 3 of the Dungeon.
             The game lasted 00:08:51 (3161 turns).

skwerlee the Chopper (Demonspawn Berserker)         Turns: 3161, Time: 00:08:51

Health: -2/48      AC:  9    Str: 19    XL:     6   Next: 38%
Magic:  6/6        EV: 10    Int:  8    God:    Trog [*.....]
Gold:   121        SH:  0    Dex: 13    Spells: 5/5 levels left

rFire   . . .      SeeInvis .   a - +0 hand axe
rCold   . . .      Faith    .   (no shield)
rNeg    . . .      Spirit   .   d - +0 scale mail
rPois   .          Reflect  .   (no helmet)
rElec   .          Harm     .   (no cloak)
rCorr   .          Rampage  .   m - +2 pair of gloves
Will    .....                   (no boots)
Stlth   ..........              (no amulet)
HPRegen 0.16/turn               (no ring)
MPRegen 0.10/turn               (no ring)

@: on berserk cooldown, slowed, very slow
A: foul stench 2
a: Renounce Religion, Berserk


You were on level 3 of the Dungeon.
You worshipped Trog.
Trog was aware of your devotion.
You visited 1 branch of the dungeon, and saw 3 of its levels.

You collected 121 gold pieces.

Inventory:

Hand Weapons
 a - a +0 hand axe (weapon)
Armour
 b - a +0 animal skin
 d - a +0 scale mail (worn)
 m - a +2 pair of gloves (worn)
Scrolls
 e - a scroll of vulnerability {unknown}
 g - a scroll of fear {unknown}
 h - 3 scrolls of identify {unknown}
 j - a scroll of enchant weapon {unknown}
Potions
 c - a potion of brilliance {unknown}
 f - 2 potions of heal wounds {unknown}
 i - a potion of might {unknown}
 k - 2 potions of haste {unknown}
 l - 3 potions of curing {unknown}
 n - a potion of cancellation {unknown}


   Skills:
 + Level 4.2 Fighting
 + Level 4.6 Axes
 + Level 2.8 Armour
 + Level 2.7 Dodging
 + Level 1.6 Stealth


You had 5 spell levels left.
You didn't know any spells.
Your spell library was empty.

Dungeon Overview and Level Annotations

Branches:
Dungeon (3/15)

Altars:


Innate Abilities, Weirdness & Mutations

You sometimes emit foul miasma when damaged in melee.


Message History

The gnoll bouda hits you with a +0 club.
There is an open door here.
Things that are here:
a +2 vampiric spear; a wand of roots (6); a scroll labelled NIYNA FOGO You barely miss the gnoll bouda.
The gnoll bouda closely misses you. x2
You closely miss the gnoll bouda.
The gnoll bouda hits you but does no damage.
The gnoll bouda gazes fiercely through you!
You feel your attacks grow feeble. The gnoll bouda barely misses you.
You hit the gnoll bouda but do no damage.
The gnoll bouda hits you with a +0 club.
You hit the gnoll bouda.
The gnoll bouda is lightly wounded.
The gnoll bouda hits you with a +0 club. x2
You barely miss the gnoll bouda.
The gnoll bouda is lightly wounded.
The gnoll bouda hits you with a +0 club.
* * * LOW HITPOINT WARNING * * *
You barely miss the gnoll bouda.
The gnoll bouda is lightly wounded.
The gnoll bouda completely misses you. The gnoll bouda barely misses you.
You hit the gnoll bouda but do no damage.
The gnoll bouda is lightly wounded.
The gnoll bouda hits you with a +0 club.
* * * LOW HITPOINT WARNING * * *
You completely miss the gnoll bouda.
The gnoll bouda is lightly wounded.
Your attacks no longer feel as feeble.
The gnoll bouda closely misses you.
The gnoll bouda hits you with a +0 club!
* * * LOW HITPOINT WARNING * * *
You completely miss the gnoll bouda.
The gnoll bouda is lightly wounded.
The gnoll bouda barely misses you.
The gnoll bouda hits you but does no damage.
You hit the gnoll bouda but do no damage.
The gnoll bouda is lightly wounded.
The gnoll bouda hits you with a +0 club.
You die...

#.#######
#....<..#
####....[#.#
#######....÷..[#.#
#.....+....÷...#.#
#.#####......#.#.#
#.# #......#.#.#.#
#.###......#.#.#.#
#..)@g.....#...#+#
#####.....#.....
#.....'.....
#.....#......
#.....#.......
............# ....
......g.....# ...
....g.......#
............#


You could see a gnoll bouda.

Vanquished Creatures
  Sigmund (D:2)
  An orc priest (D:3)
  Terence (D:2)
  An orc wizard (D:3)
  4 gnolls
  4 adders (D:2)
  2 dart slugs (D:2)
  An orc (D:3)
  5 ball pythons
  2 endoplasms
  2 giant cockroaches (D:1)
  4 hobgoblins
  A quokka (D:1)
  7 bats
  A frilled lizard (D:1)
  4 goblins
  4 kobolds
  8 rats
53 creatures vanquished.

Notes
Turn   | Place    | Note
-------+----------+-------------------------------------------
     0 | D:1      | skwerlee the Demonspawn Berserker began the quest for the
                  | Orb.
     0 | D:1      | Reached XP level 1. HP: 18/18 MP: 1/1
   697 | D:1      | Gained mutation: You may rarely emit foul miasma when
                  | damaged in melee. [demonic ancestry]
   697 | D:1      | Reached XP level 2. HP: 24/24 MP: 2/2
  1470 | D:2      | Reached XP level 3. HP: 17/29 MP: 3/3
  1969 | D:2      | Noticed Terence
  1976 | D:2      | Killed Terence
  1977 | D:2      | Reached XP level 4. HP: 35/37 MP: 4/4
  2438 | D:2      | Found a faded altar of an unknown god.
  2460 | D:2      | Noticed Sigmund
  2471 | D:2      | Killed Sigmund
  2472 | D:2      | Reached skill level 1 in Stealth
  2472 | D:2      | Reached XP level 5. HP: 42/42 MP: 5/5
  2725 | D:3      | Gained mutation: You sometimes emit foul miasma when
                  | damaged in melee. [demonic ancestry]
  2725 | D:3      | Reached XP level 6. HP: 46/48 MP: 6/6
  2809 | D:2      | Reached ** piety under Trog
  3161 | D:3      | Slain by a gnoll bouda

Illustrated notes

Levels and vault maps discovered:
D:1:      matt_arrival_diagonals, layout_loops_ring,
          chequers_serial_rivers_micro_a, chequers_hall_statues_y
D:2:      layout_loops_cross, hellmonk_ecumenical_altar_slurped_away,
          uniq_terence, uniq_sigmund
D:3:      layout_basic, serial_shops, shop

Skill      XL: |  1  2  3  4 |
---------------+-------------+-----
Axes           | 3 4 |  4.6
Dodging        | 2 |  2.7
Armour         | 2 |  2.8
Fighting       | 4 |  4.2
Stealth        | 1 |  1.6

Action                   |  1- 3 |  4- 6 || total
-------------------------+-------+-------++-------
Melee: Hand axe          |    88 |    97 ||   185
       Punch             |     2 |       ||     2
Invok: Berserk           |     2 |     3 ||     5
  Use: Scroll            |     1 |       ||     1
 Stab: Sleeping          |     2 |       ||     2
Armor: Animal skin       |    22 |       ||    22
       Scale mail        |       |    41 ||    41
Dodge: Dodged            |    68 |    46 ||   114

Table legend: (Time is in decaauts)
 A = Elapsed time spent in this place.
 B = Non-inter-level travel time spent in this place.
 C = Inter-level travel time spent in this place.
 D = Time resting spent in this place.
 E = Time spent auto-exploring this place.
 F = Levels seen in this place.
 G = Mean time per level.
                   A        B        C        D        E       F      G
               +--------+--------+--------+--------+--------+-----+--------+
         Total |   3223 |   3136 |     87 |   1187 |   1337 |   3 | 1074.3 |
       Dungeon |   3223 |   3136 |     87 |   1187 |   1337 |   3 | 1074.3 |
               +--------+--------+--------+--------+--------+-----+--------+

Top non-repeatable levels by time:
     D:2: 1680 daAuts
     D:1: 1389 daAuts
     D:3: 153 daAuts
